 Dungeon Crawl Stone Soup version 0.32-a0-886-g41c5271027 (webtiles) character file.

Game seed: 12328664029758240683

536579 Gadrel the Cryomancer (level 24, 0/203 HPs)
             Began as a White Draconian Necromancer on Apr 1, 2024.
             Was the Champion of Dithmenos.
             Killed from afar by an ancient lich (193 damage)
             ... with a crystal spear
             ... on level 3 of the Depths on Apr 2, 2024.
             The game lasted 03:45:40 (76294 turns).

Gadrel the Cryomancer (DrNe)                       Turns: 76294, Time: 03:45:41

Health: 0/203      AC: 16    Str: 24    XL:     24   Next: 60%
Magic:  12/60      EV: 17    Int: 28    God:    Dithmenos [******]
Gold:   3885       SH:  0    Dex: 12    Spells: 9/53 levels left

rFire   + + .        a - staff "Jiafikle" {rPois rC+ rN+ Dex-4 Ice}
rCold   + + +        T - orb of Forking Paths {*channel, Regen+ Str+4 Earth}
rNeg    + + .        (body armour unavailable)
rPois   +            P - +0 hat of the Fiend {rPois rF+ Str+2}
rElec   +            F - scarf {repulsion}
rCorr   .            p - +2 pair of gloves {Str+3}
SInv    +            n - +0 pair of boots
Will    ++++.        v - macabre finger necklace {Finger+ rN+}
Stlth   ++           r - ring of Okkus {rElec rC+ Will+ Str+3 SInv}
HPRegen 1.33/turn    i - ring of the Median {Will++ MP+9 Dex+3 Stlth-}
MPRegen 0.37/turn    q - ring "Fucrel" {Fly rF+ MP+9 Int+3}

%: repel missiles, channel magic (20%)
@: fragile (+50% incoming damage), flying, slightly contaminated, wreathed by
umbra
A: glacial breath, AC +12, unfitting armour, cold resistance 1, cold-blooded,
mutation resistance 1
}: 3/15 runes: decaying, serpentine, slimy
a: Glacial Breath, Renounce Religion, Shadow Step, Shadow Form


You were on level 3 of the Depths.
You worshipped Dithmenos.
Dithmenos was exalted by your worship.
You visited 10 branches of the dungeon, and saw 48 of its levels.
You also visited: Sewer and Bailey.

You collected 7119 gold pieces.
You spent 3234 gold pieces at shops.

Inventory:

Hand Weapons
 b - a +6 scimitar of flaming
   (You took it off an efreet on level 14 of the Dungeon)
Missiles
 c - 3 curare-tipped darts
 g - 4 silver javelins
 A - 4 throwing nets {!d}
Armour
 n - a +0 pair of boots (worn)
   (You found it on level 1 of the Dungeon)
 p - a +2 pair of gloves of strength (worn)
   (You found it on level 11 of the Dungeon)
 F - a scarf of repulsion (worn)
   (You found it on level 13 of the Dungeon)
 P - the +0 hat of the Fiend (worn) {rPois rF+ Str+2}
   (You acquired it on level 5 of the Dungeon)

   Str+2:     It affects your strength (+2).
   rF+:       It protects you from fire.
   rPois:     It protects you from poison.
 T - the orb of Forking Paths (worn) {*channel, Regen+ Str+4 Earth}
   (You took it off Frederick on level 4 of the Vaults)

   Str+4:     It affects your strength (+4).
   Regen+:    It increases your rate of health regeneration.
   Earth:     It increases the power of your Earth spells.
Magical Staves
 a - the staff "Jiafikle" (weapon) {rPois rC+ rN+ Dex-4 Ice}
   (You found it on level 3 of the Elven Halls)

   [staff of cold]

   Base accuracy: +5 Base damage: 5 Base attack delay: 1.2 This weapon's minimum
   attack delay (0.6) is reached at skill level 12.
   Dex-4:     It affects your dexterity (-4).
   rC+:       It protects you from cold.
   rPois:     It protects you from poison.
   rN+:       It protects you from negative energy.
   Ice:       It increases the power of your Ice spells.
   It falls into the 'Staves' category.
   It is a one-handed weapon.
Jewellery
 f - an amulet of magic regeneration
   (You bought it in a shop on level 2 of the Orcish Mines)
 i - the ring of the Median (right hand) {Will++ MP+9 Dex+3 Stlth-}
   (You found it on level 3 of the Lair of Beasts)

   [ring of magical power]

   Dex+3:     It affects your dexterity (+3).
   Will++:    It greatly increases your willpower.
   MP+9:      It affects your magic capacity (+9).
   Stlth-:    It makes you less stealthy.
 j - the ring "Samebomof" {rF+ rN+ Int+3}
   (You found it on level 12 of the Dungeon)

   [ring of positive energy]

   Int+3:     It affects your intelligence (+3).
   rF+:       It protects you from fire.
   rN+:       It protects you from negative energy.
 q - the ring "Fucrel" (on amulet) {Fly rF+ MP+9 Int+3}
   (You found it on level 5 of the Pits of Slime)

   [ring of magical power]

   Int+3:     It affects your intelligence (+3).
   rF+:       It protects you from fire.
   MP+9:      It affects your magic capacity (+9).
   Fly:       It grants you flight.
 r - the ring of Okkus (left hand) {rElec rC+ Will+ Str+3 SInv}
   (You bought it in a shop on level 3 of the Vaults)

   [ring of see invisible]

   Str+3:     It affects your strength (+3).
   rC+:       It protects you from cold.
   rElec:     It insulates you from electricity.
   Will+:     It increases your willpower.
   SInv:      It lets you see invisible.
 s - an amulet of regeneration
   (You found it on level 4 of the Swamp)
 v - the macabre finger necklace (around neck) {Finger+ rN+}
   (You found it on level 5 of the Pits of Slime)

   [amulet of nothing]

   Finger+:   It enables you to equip an extra ring.
   rN+:       It protects you from negative energy.
 x - the amulet "Ugritax" {Reflect Str+2 SH+5}
   (You bought it in a shop on level 3 of the Snake Pit)

   [amulet of reflection]

   Reflect:   It reflects blocked missile attacks.
   Str+2:     It affects your strength (+2).
   SH+5:      It affects your SH (+5).
 C - the amulet of Wishful Thinking {Acrobat rElec rPois Stlth+}
   (You found it on level 3 of the Depths)

   [amulet of the acrobat]

   Acrobat:   It increases your evasion while moving and waiting.
   rElec:     It insulates you from electricity.
   rPois:     It protects you from poison.
   Stlth+:    It makes you more stealthy.
Wands
 d - a wand of digging (19)
   (You found it on level 5 of the Lair of Beasts)
 e - a wand of charming (60)
   (You found it on level 11 of the Dungeon)
 y - a wand of mindburst (27)
   (You found it on level 3 of the Lair of Beasts)
 L - a wand of roots (43)
   (You found it on level 1 of the Lair of Beasts)
 Q - a wand of light (30)
   (You found it on level 1 of the Lair of Beasts)
Scrolls
 h - 11 scrolls of fog
 k - 11 scrolls of poison {!r}
 o - 7 scrolls of enchant weapon
 D - 8 scrolls of blinking {!r}
 E - 7 scrolls of fear
 K - 6 scrolls of immolation {!r}
 O - 6 scrolls of silence
 S - 8 scrolls of summoning
 V - 3 scrolls of vulnerability {!r!r}
 W - 5 scrolls of amnesia
 X - 4 scrolls of enchant armour {unknown}
 Y - 17 scrolls of teleportation {@r3}
 Z - 5 scrolls of revelation
Potions
 t - 10 potions of might
 u - 7 potions of enlightenment
 w - 8 potions of cancellation
 B - 6 potions of brilliance
 G - 6 potions of ambrosia {!q}
 H - 9 potions of haste
 I - 4 potions of invisibility
 J - 12 potions of curing {@q1}
 M - 10 potions of magic
 N - 7 potions of heal wounds {@q2}
 R - 8 potions of resistance
 U - 5 potions of mutation {!q}
Miscellaneous
 l - a condenser vane
   (You found it on level 3 of the Lair of Beasts)
 m - a phantom mirror
   (You found it on level 12 of the Dungeon)
 z - a box of beasts
   (You found it on level 4 of the Lair of Beasts)


   Skills:
 - Level 14.0 Fighting
 - Level 2.0 Long Blades
 - Level 14.0 Dodging
 - Level 3.0 Stealth
 - Level 15.0 Shields
 - Level 15.0 Spellcasting
 - Level 12.0 Conjurations
 - Level 10.0 Hexes
 - Level 14.0 Necromancy
 + Level 23.9 Ice Magic
 - Level 8.0 Air Magic
 - Level 16.0 Earth Magic
 - Level 12.0 Alchemy
 - Level 5.0 Invocations
 - Level 1.0 Evocations


You had 9 spell levels left.
You knew the following spells:

 Your Spells              Type           Power      Damage    Failure   Level
a - Permafrost Eruption   Ice/Erth       70%        2x4d15    1%          6
c - Freezing Cloud        Conj/Ice/Air   50%        6-21      1%          5
d - Irradiate             Conj/Alch      36%        3d23      3%          5
x - Vampiric Draining     Necr           78%        2d11      1%          3
z - Ozocubu's Refrigerat  Ice            62%        4d21      1%          7
A - Animate Dead          Necr           78%        N/A       1%          4
M - Sublimation of Blood  Necr           78%        N/A       1%          2
S - Swiftness             Air            60%        N/A       2%          3
U - Dispel Undead         Necr           78%        3d26      1%          4
Y - Yara's Violent Unrav  Hex/Alch       35%        3d14      4%          5

Your spell library contained the following spells:

 Spells                   Type           Power      Damage    Failure   Level
 Freeze                   Ice            100%       1d10      1%          1
 Kiss of Death            Conj/Necr      100%       2d13      1%          1
 Magic Dart               Conj           100%       1d8       1%          1
 Necrotise                Necr           100%       1d9       1%          1
 Sting                    Conj/Alch      100%       1d9       1%          1
 Cigotuvi's Dreadful Rot  Necr/Alch/Air  100%       N/A       1%          2
 Ensorcelled Hibernation  Hex/Ice        100%       N/A       1%          2
 Jinxbite                 Hex            100%       N/A       1%          2
 Mercury Vapours          Alch/Air       100%       N/A       1%          2
 Searing Ray              Conj           100%       2d8       1%          2
 Confusing Touch          Hex            67%        N/A       1%          3
 Dazzling Flash           Conj/Hex       100%       N/A       1%          3
 Frozen Ramparts          Ice            100%       1d16      1%          3
 Hailstorm                Conj/Ice       100%       3d16      1%          3
 Mephitic Cloud           Conj/Alch/Air  69%        N/A       1%          3
 Ozocubu's Armour         Ice            100%       N/A       1%          3
 Passwall                 Erth           100%       N/A       1%          3
 Sigil of Binding         Hex            67%        N/A       1%          3
 Summon Ice Beast         Ice/Summ       93%        N/A       1%          3
 Tukima's Dance           Hex            67%        N/A       1%          3
 Leda's Liquefaction      Alch/Erth      49%        N/A       1%          4
 Petrify                  Alch/Erth      99%        N/A       1%          4
 Metabolic Englaciation   Hex/Ice        54%        N/A       1%          5
 Momentum Strike          Conj/Tloc      100%       3d10      2%          2
 Fulminant Prism          Conj/Alch      36%        3d17      2%          4
 Olgreb's Toxic Radiance  Alch           73%        N/A       2%          4
 Curse of Agony           Necr           78%        N/A       2%          5
 Sculpt Simulacrum        Ice/Alch       55%        N/A       2%          6
 Alistair's Intoxication  Alch           48%        N/A       3%          5
 Inner Flame              Hex/Fire       49%        N/A       4%          3
 Airstrike                Air            30%        2d(5-21)  4%          4
 Arcjolt                  Conj/Air       33%        1d43      5%          5
 Martyr's Knell           Necr/Summ      57%        N/A       6%          4
 Silence                  Hex/Air        31%        N/A       7%          5
 Flame Wave               Conj/Fire      53%        2d13      8%          4
 Iskenderun's Mystic Bla  Conj/Tloc      53%        2d11      (+2d68%     4
 Sticky Flame             Fire/Alch      53%        2d9       8%          4
 Apportation              Tloc           42%        N/A       9%          1
 Summon Small Mammal      Summ           84%        N/A       9%          1
 Eringya's Noxious Bog    Alch           36%        4d6       10%         6
 Dimensional Bullseye     Hex/Tloc       24%        N/A       11%         4
 Blink                    Tloc           42%        N/A       12%         2
 Lesser Beckoning         Tloc           42%        N/A       12%         2
 Summon Lightning Spire   Summ/Air       43%        N/A       14%         4
 Vhi's Electric Charge    Tloc/Air       86%        N/A       14%         4
 Conjure Ball Lightning   Conj/Air       33%        3x3d11    17%         6
 Call Canine Familiar     Summ           21%        N/A       19%         3
 Maxwell's Portable Pile  Tloc           21%        2d(7-19)  19%         3
 Teleport Other           Tloc           21%        N/A       19%         3
 Volatile Blastmotes      Fire/Tloc      42%        2d13      19%         3
 Passage of Golubria      Tloc           21%        N/A       45%         4
 Summon Blazeheart Golem  Fire/Summ      21%        N/A       45%         4
 Enfeeble                 Hex            33%        N/A       54%         7
 Summon Forest            Summ/Tloc      10%        N/A       75%         5
 Plasma Beam              Fire/Air       21%        2x1d33    77%         6
 Spellforged Servitor     Conj/Summ      26%        N/A       95%         7
 Dispersal                Tloc           10%        N/A       99%         6
 Gell's Gavotte           Tloc           10%        2d(16-23) 99%         6
 Summon Hydra             Summ           10%        N/A       100%        7
 Disjunction              Tloc           10%        N/A       100%        8
 Ignition                 Fire           10%        3d5       100%        8


Dungeon Overview and Level Annotations

Branches:
Dungeon (15/15)            Temple (0/1) D:6            Lair (5/5) D:8
  Swamp (4/4) Lair:2        Snake (4/4) Lair:2        Slime (5/5) Lair:5
    Orc (2/2) D:11            Elf (3/3) Orc:2        Vaults (4/5) D:14
  Crypt (3/3) Vaults:3       Tomb (0/3) Crypt:3      Depths (3/4) D:15
  Sewer (visited)          Bailey (visited)

Altars:
Ashenzari
Dithmenos
Hepliaklqana
Makhleb
Okawaru
Qazlal
Sif Muna
Trog
Uskayaw
Vehumet
Wu Jian
Yredelemnul
Zin
The Shining One
Beogh
Jiyva
Lugonu

Shops:
D:5 ?   D:6 :   D:14 (   Orc:2 *(=*   Elf:1 *   Elf:3 (   Snake:2 =   Snake:3 =
Snake:4 (   Vaults:3 =   Depths:3 *(

Portals:
Hell: Depths:1 Depths:2 Depths:3
Abyss: Depths:2 Depths:3
Pandemonium: Depths:2
Trove: Vaults:3 (give +7 demon blade)

Annotations:
Elf:3 1 runed translucent door
Vaults:4 1 transporter, Zissick's ghost, adept MiBr


Innate Abilities, Weirdness & Mutations

You can breathe waves of cold which freeze foes solid.
Your icy white scales are hard. (AC +12)
You cannot fit into any form of body armour.
Your flesh is cold resistant. (rC+)
You are cold-blooded and may be slowed by cold attacks.
You are somewhat resistant to further mutation.


Message History

The deep troll earth mage shouts!
The ogre mage shouts!
You hear a shout!
You hear a shout!
There is a transporter landing site here.
The necromancer shouts!
The occultist shouts!
You hear a shout!
The lich shouts!
The ancient lich shouts!
The spriggan air mage shouts!
There is a transporter here.
You enter the transporter and appear at another place.
You feel a strong surge of power!
Bitter cold erupts, blasting rock from the ceiling!
The mass of rock hits the frost giant!!
The frost giant shouts!
Piercing cold boils outward!
The piercing cold hits the frost giant!
The frost giant resists.
The necromancer shouts!
You now have 54/60 mp.
You erupt in a fountain of uncontrolled magic!
The frost giant is blasted with magical radiation!!!
You are very lightly contaminated with residual magic.
The deep elf sorcerer mumbles some strange words.
The deep elf sorcerer seems to speed up.
The frost giant casts a spell at you.
The bolt of cold is repelled.
You erupt in a fountain of uncontrolled magic!
The frost giant is blasted with magical radiation!!!
You kill the frost giant!
Dithmenos accepts your kill.
You are lightly contaminated with residual magic.
Unknown command.
You now have 45/60 mp.
You feel a strong surge of power!
Bitter cold erupts, blasting rock from the ceiling!
The mass of rock hits the rakshasa!!
Piercing cold boils outward!
The piercing cold hits the rakshasa!!
You kill the rakshasa!
Dithmenos accepts your kill.
The piercing cold hits the necromancer!
You now have 39/60 mp.
You feel a strong surge of power!
Bitter cold erupts, blasting rock from the ceiling!
The mass of rock hits the lich!!
Piercing cold boils outward!
The piercing cold hits the lich.
The lich resists.
Magical energy flows into your mind!
The lich casts a spell.
The lich flickers and vanishes for a moment.
You feel a strong surge of power!
Bitter cold erupts, blasting rock from the ceiling!
The mass of rock hits the necromancer!!
You kill the necromancer!
Dithmenos accepts your kill.
Piercing cold boils outward!
The piercing cold hits the deep troll earth mage!!!
The glass eye gazes at you.
Your body becomes as fragile as glass!
The deep troll earth mage casts a spell next to you.
The statue shatters!
The blast of rock fragments hits you but does no damage.
You now have 34/60 mp.
You feel a strong surge of power!
Bitter cold erupts, blasting rock from the ceiling!
The mass of rock hits the lich!!
Piercing cold boils outward!
The piercing cold hits the lich.
The lich resists.
The piercing cold hits the glass eye!!!
The deep troll earth mage closely misses you.
The deep troll earth mage claws you but does no damage.
The deep troll earth mage completely misses you.
You now have 28/60 mp.
You feel a strong surge of power!
Bitter cold erupts, blasting rock from the ceiling!
The mass of rock hits the glass eye!!
You kill the glass eye!
Dithmenos accepts your kill.
Piercing cold boils outward!
The piercing cold hits the deep troll earth mage!!
You kill the deep troll earth mage!
Dithmenos accepts your kill. The spriggan air mage hits you.
You take 9 damage, and have 194/203 hp.
You now have 23/60 mp.
You feel a strong surge of power!
Bitter cold erupts, blasting rock from the ceiling!
The mass of rock hits the deep elf sorcerer!!
Piercing cold boils outward!
The piercing cold hits the deep elf sorcerer!!
You kill the deep elf sorcerer!
Dithmenos accepts your kill.
The piercing cold hits the lich!
The lich resists.
The spriggan air mage hits you but does no damage.
You now have 17/60 mp.
You erupt in a fountain of uncontrolled magic!
The spriggan air mage is blasted with magical radiation!
The lich is blasted with magical radiation!!!
You destroy the lich!
Dithmenos accepts your kill.
You are lightly contaminated with residual magic.
The spriggan air mage hits you.
The ancient lich points at you and mumbles some strange words.
The crystal spear hits you!!!!
Ouch! That really hurt!
You die...

..........................#
##......#######...#######.#
∩##.....#ß.⌠.ß#.©.#ß.⌠.ß#.#
_ß###...#.....#####...$.#.#
....###.#.....'.[:'.....#.#
......#.##.#..#:::#..#.##.#
.....##.#..#.ß#⌠_⌠#ß.#..#.#
....##..# ... ######...##.#
....#...#..# #ß@ß#. #..#.#
....#.#.##.#..'i).').#.##.#
.#.##...#.....#.$.#L?...#.#
##......##.#.###$###.#.##.#
.##.....#.p#.# ... #.#..#.#
..#.....##...# ... #...##.#
..##....#pe.## ... ##...#.#
...#....##..# ..... #!.##.#
...####.# .# #L #.#


You could see an ancient lich and a spriggan air mage (repels missiles).

Vanquished Creatures
  the Royal Jelly (Slime:5)
  Frederick (Vaults:4)
  A dread lich (Crypt:3)
  Mara (Vaults:2)
  Boris (Crypt:1)
  Saint Roka (Vaults:2)
  Vashnia (Snake:4)
  Margery (Depths:3)
  Jory (Vaults:2)
  A golden dragon (Depths:1)
  The ghost of avangion the Sorcerer, a veteran DECj of Vehumet (Depths:3)
  Norris (Vaults:1)
  A bone dragon (Crypt:3)
  Jorgrun (Swamp:2)
  A shard shrike zombie (Crypt:3)
  A hellephant (Depths:3)
  A deep elf master archer (Elf:3)
  5 liches
  Mlioglotl (Swamp:2)
  23 acid blobs
  4 deep elf blademasters
  2 titans (Depths:2)
  4 sphinxes
  A thorn hunter (Swamp:4)
  3 tengu reavers
  Kirke (D:14)
  3 storm dragons (Depths:2)
  Roxanne (Snake:3)
  Donald (Vaults:1)
  3 nagarajas
  14 azure jellies
  8 rockslimes
  6 frost giants
  2 fenstrider witches
  4 fire giants
  2 revenants
  2 iron dragons (Depths:2)
  7 deep elf sorcerers
  A curse skull (Crypt:2)
  6 deep elf elementalists (Elf:3)
  9 vault wardens
  14 ironbound preservers
  A ghoul (Crypt:1)
  3 juggernaut zombies (Depths:3)
  5 formless jellyfish
  A spriggan defender (Depths:1)
  15 quicksilver oozes
  A reaper (Depths:1)
  5 ironbound thunderhulks
  3 deep elf demonologists (Elf:3)
  10 very ugly things
  A caustic shrike skeleton (Crypt:3)
  10 stone giants
  A rockslime zombie (Crypt:1)
  7 vampire knights
  7 deep elf annihilators
  8 war gargoyles
  The ghost of Sofotal the Warrior, a journeyman DjWr of Ignis (D:12)
  4 eleionomae
  8 deep elf death magi
  2 bunyips
  A spark wasp (Depths:1)
  11 dire elephants
  3 eidola
  6 jiangshi
  4 crystal guardians
  3 fire dragons (Depths:1)
  6 ettins
  6 deep elf high priests
  The ghost of Chish the Covert, a journeyman NaIE of Cheibriados (D:11)
  12 yaktaur captains
  8 great orbs of eyes
  Harold (D:9)
  6 ice dragons
  An entropy weaver (Vaults:1)
  A spriggan zombie (Crypt:3)
  7 vault guards
  2 fenstrider witch zombies
  The ghost of AutarchDCSS the Fighter, a novice OnGl of Makhleb (D:10)
  6 rakshasas
  3 peacekeepers
  3 ogre magi
  3 juggernaut simulacra (Depths:3)
  A catoblepas (Lair:4)
  11 anacondas
  5 alligators (Swamp:1)
  3 salamander tyrants
  A ghost crab (Swamp:4)
  34 hydras
  10 boulder beetles
  15 two-headed ogres
  3 spriggan air magi
  16 centaur warriors
  4 death knights
  42 dancing weapons
  4 ironbound frosthearts
  6 tengu warriors
  2 spectral stone giants (Depths:3)
  A death yak (Lair:4)
  4 deep troll earth magi
  An azure jelly zombie (Crypt:2)
  4 deep troll shamans
  4 orc high priests
  15 naga sharpshooters
  5 titan zombies
  3 spriggan berserkers (Depths:3)
  An occultist (Depths:2)
  10 vampire magi
  6 shock serpents
  A sun demon (Depths:1)
  8 naga warriors
  11 hell knights
  2 soul eaters
  9 spriggans
  7 skysharks
  26 deep elf knights
  6 salamander mystics
  A fire crab (D:8)
  Lodul (D:13)
  2 iron trolls
  A bunyip zombie (Crypt:2)
  27 skeletal warriors
  9 swamp dragons
  3 spriggan druids (Swamp:4)
  7 mana vipers
  5 goliath frogs
  11 bog bodies
  4 glowing orange brains
  49 deep trolls
  9 deep elf archers
  3 naga ritualists
  4 flayed ghosts
  2 phantasmal warriors (Crypt:2)
  4 arcanists
  10 ironbound convokers
  6 lindwurms
  2 thermic dynamos (Elf:3)
  A harpy (shapeshifter) (Elf:3)
  36 deep elf zephyrmancers
  2 anaconda skeletons
  A broodmother zombie (Crypt:1)
  3 obsidian bats
  2 shining eyes (shapeshifter)
  A bunyip skeleton (Crypt:3)
  8 necromancers
  3 wolf spiders
  38 deep elf pyromancers
  5 orc knights
  7 harpies
  10 cyclopes
  6 will-o-the-wisps
  4 manticores
  An iron dragon zombie (Crypt:3)
  28 ugly things
  An alligator zombie (Crypt:1)
  A stone giant zombie (Depths:3)
  A faun (shapeshifter) (Elf:1)
  2 orc sorcerers
  25 salamanders
  An alligator skeleton (Crypt:1)
  A stone giant skeleton (Crypt:3)
  3 kobold blastminers (Orc:1)
  2 ice statues
  3 shining eyes
  2 moths of wrath
  A salamander (shapeshifter) (Vaults:4)
  21 naga magi
  11 elephants
  30 black mambas
  4 torpor snails (Lair:4)
  An eye of devastation (shapeshifter) (Depths:2)
  A smoke demon (Depths:1)
  A torpor snail (shapeshifter) (Vaults:3)
  14 vault sentinels
  3 gargoyles
  6 guardian serpents
  14 komodo dragons
  17 cane toads
  3 kobold demonologists
  4 unseen horrors (D:12)
  4 tengu conjurers (Depths:3)
  8 freezing wraiths
  An alligator snapping turtle skeleton (Crypt:2)
  29 yaktaurs
  2 anaconda simulacra (Snake:2)
  An efreet (D:14)
  6 rime drakes
  A guardian mummy (Crypt:1)
  A hydra zombie (Crypt:3)
  A death yak skeleton (Crypt:2)
  5 spectral nagas (Snake:2)
  A purple draconian skeleton (Crypt:2)
  The ghost of DeathSocks the Covert, a novice VSDe of Yredelemnul (D:6)
  7 polar bears
  2 spectral guardian serpents (Snake:2)
  A wind drake (shapeshifter) (D:14)
  14 trolls
  9 hornets
  13 tyrant leeches
  3 bloated husks
  A tarantella (Vaults:2)
  14 blink frogs
  A fire dragon zombie (Crypt:3)
  A harpy skeleton (Crypt:3)
  8 glass eyes
  A dream sheep (Lair:4)
  A dream sheep (shapeshifter) (Vaults:3)
  A spriggan skeleton (Depths:1)
  115 slime creatures
  4 air elementals
  3 vampires
  Sigmund (D:2)
  A shapeshifter (D:12)
  18 wyverns
  2 guardian serpent skeletons (Snake:2)
  6 shadows
  A culicivora (shapeshifter) (D:15)
  5 hogs (D:14)
  7 water elementals
  28 yaks
  4 fire elementals
  5 basilisks
  10 wraiths
  A warg (Orc:2)
  Grum (D:9)
  A black mamba skeleton (Crypt:3)
  23 golden eyes
  5 redbacks
  A sea snake simulacrum (Snake:2)
  45 nagas
  2 steam dragons
  A glowing shapeshifter zombie (Depths:1)
  28 vampire mosquitoes
  Edmund (D:6)
  A swamp worm (shapeshifter) (Vaults:3)
  16 swamp worms
  12 acid dragons
  2 deep troll zombies
  A glowing shapeshifter skeleton (Depths:1)
  A merfolk skeleton (Crypt:1)
  29 water moccasins
  8 ice beasts
  A sky beast (D:6)
  2 naga skeletons (Snake:2)
  25 laughing skulls
  7 swamp drakes (Swamp:4)
  27 ogres
  20 orc warriors
  A crocodile (Sewer)
  The ghost of Bobbunny the Shooter, an amateur CoHu (D:3)
  18 wolves
  17 centaurs
  A dream sheep skeleton (Crypt:1)
  A brain worm (Sewer)
  2 kobold brigands (D:13)
  16 bullfrogs
  3 earth elementals
  Blork the orc (D:6)
  A gnoll sergeant (D:4)
  13 wights
  5 killer bees (D:7)
  3 electric eels
  8 howler monkeys
  A tengu skeleton (Depths:1)
  A bombardier beetle (D:5)
  3 jellies
  3 gnoll boudas
  18 orc priests
  A hound (D:5)
  A basilisk zombie (Crypt:2)
  3 human zombies (Crypt:1)
  2 human skeletons (Crypt:1)
  6 iguanas
  A scorpion zombie (D:3)
  2 sleepcaps
  26 orc wizards
  A crocodile skeleton (Crypt:2)
  4 mummies (Crypt:1)
  5 adders
  13 gnolls
  2 naga simulacra (Snake:2)
  A river rat (D:4)
  A shadow imp (D:8)
  5 white imps
  3 dart slugs
  2 ribbon worms (D:4)
  70 orcs
  11 ball pythons
  12 bats
  6 endoplasms
  A giant cockroach (D:4)
  5 goblins
  9 hobgoblins
  8 kobolds
  4 quokkas
  A ball python zombie (D:3)
  2 frilled lizards
  A goblin skeleton (Crypt:1)
  7 orc zombies
  12 rats
2056 creatures vanquished.

Vanquished Creatures (collateral kills)
  Boris (Vaults:2)
  A sphinx (Vaults:2)
  Snorg (Orc:2)
  An entropy weaver (Vaults:2)
  A two-headed ogre (D:9)
  2 deep trolls
  A harpy (Vaults:2)
  A troll (Orc:2)
  A slime creature (Vaults:2)
  A black bear (D:7)
  5 ogres (Orc:2)
  A wolf (D:9)
  4 killer bees (D:7)
  An iguana (D:6)
  An orc wizard (Orc:2)
  8 gnolls
  A dart slug (D:1)
  4 orcs
  3 bats (Sewer)
  A hobgoblin (D:1)
  A kobold (D:1)
  A rat (D:1)
42 creatures vanquished.

Vanquished Creatures (others)
  An unseen horror (D:12)
  A redback zombie (Vaults:2)
  4 harpy zombies (Vaults:2)
  A moth of wrath zombie (Orc:2)
  A tarantella zombie (Vaults:2)
  A yak (D:10)
  5 two-headed ogre zombies (Orc:2)
  A deep troll zombie (Orc:2)
  A cyclops zombie (Orc:2)
  4 troll zombies
  2 wolf zombies (D:9)
  A killer bee zombie (D:7)
  10 ogre zombies (Orc:2)
  A gnoll (D:4)
  5 gnoll zombies
  18 orc zombies
  12 foxfires
69 creatures vanquished.

Grand Total: 2167 creatures vanquished

Notes
Turn   | Place    | Note
-------+----------+-------------------------------------------
     0 | D:1      | Gadrel the Draconian Necromancer began the quest for the
                  | Orb.
     0 | D:1      | Reached XP level 1. HP: 14/14 MP: 3/3
    27 | D:1      | Reached skill level 2 in Stealth
    47 | D:1      | Reached skill level 1 in Fighting
   133 | D:1      | Found a faded altar of an unknown god.
   148 | D:1      | Reached XP level 2. HP: 23/23 MP: 3/5
   162 | D:1      | Prayed at the altar of an unknown god.
   162 | D:1      | Became a worshipper of Dithmenos the Shadowed
   162 | D:1      | Reached * piety under Dithmenos
   241 | D:1      | Reached skill level 2 in Fighting
   845 | D:1      | Reached XP level 3. HP: 29/29 MP: 3/6
  1070 | D:2      | Noticed Sigmund
  1128 | D:2      | Reached skill level 3 in Stealth
  1382 | D:2      | Learned a level 3 spell: Vampiric Draining
  1401 | D:2      | Reached ** piety under Dithmenos
  2229 | D:3      | Found a broken altar of Ashenzari.
  2584 | D:3      | Found a runed translucent gate.
  2584 | D:3      | Found a runed translucent gate.
  2584 | D:3      | Found a runed translucent gate.
  2584 | D:3      | Noticed Bobbunny's ghost (amateur CoHu)
  2586 | D:3      | Found a basalt altar of Yredelemnul.
  2628 | D:3      | Reached XP level 4. HP: 13/36 MP: 7/7
  3059 | D:3      | Learned a level 4 spell: Animate Dead
  3219 | D:4      | Found a glowing drain.
  3223 | Sewer    | Entered a sewer
  3299 | Sewer    | Noticed a brain worm
  3327 | Sewer    | Killed a brain worm
  3328 | Sewer    | Reached skill level 3 in Spellcasting
  3328 | Sewer    | Reached skill level 5 in Necromancy
  3328 | Sewer    | Reached skill level 1 in Invocations
  3328 | Sewer    | Reached XP level 5. HP: 32/41 MP: 2/9
  3387 | Sewer    | Noticed a crocodile
  3405 | Sewer    | Killed a crocodile
  3406 | Sewer    | Reached XP level 6. HP: 35/48 MP: 1/10
  3744 | D:4      | Reached skill level 6 in Necromancy
  4103 | D:4      | Found a bloodstained altar of Trog.
  4507 | D:5      | Entered Level 5 of the Dungeon
  4536 | D:5      | Reached skill level 7 in Necromancy
  4592 | D:5      | Your scales start taking on an icy white colour.
  4592 | D:5      | Reached XP level 7. HP: 55/55 MP: 3/12
  4592 | D:5      | Gained mutation: Your flesh is cold resistant. (rC+) [White
                  | Draconian growth]
  4939 | D:5      | Found Soemefot's Magic Scroll Shoppe.
  4942 | D:5      | Bought a scroll of revelation for 105 gold pieces
  4942 | D:5      | Bought a scroll of poison for 56 gold pieces
  4942 | D:5      | Bought a scroll of immolation for 56 gold pieces
  4942 | D:5      | Bought a scroll of identify for 28 gold pieces
  4942 | D:5      | Bought a scroll of identify for 28 gold pieces
  4943 | D:5      | Identified a scroll of acquirement
  4944 | D:5      | Acquired the +0 hat of the Fiend {rPois rF+ Str+2}
  4991 | D:5      | Reached *** piety under Dithmenos
  5214 | D:5      | Reached skill level 4 in Spellcasting
  5411 | D:5      | Learned a level 4 spell: Dispel Undead
  5422 | D:6      | Noticed Blork the orc
  5432 | D:6      | Killed Blork the orc
  5562 | D:6      | Reached skill level 8 in Necromancy
  5562 | D:6      | Reached skill level 3 in Fighting
  5624 | D:6      | Noticed DeathSocks's ghost (novice VSDe)
  5626 | D:6      | Found a runed translucent door.
  5797 | D:6      | Noticed a steam dragon
  5801 | D:6      | Killed a steam dragon
  5802 | D:6      | Reached skill level 1 in Conjurations
  5802 | D:6      | Reached skill level 1 in Ice Magic
  5802 | D:6      | Reached skill level 1 in Air Magic
  5802 | D:6      | Reached XP level 8. HP: 59/63 MP: 3/14
  5802 | D:6      | Noticed Edmund
  5807 | D:6      | Killed Edmund
  5808 | D:6      | Reached skill level 2 in Ice Magic
  5993 | D:6      | Found Afudofee's Vocational Training.
  6094 | D:6      | Found an iron altar of Okawaru.
  6112 | D:6      | Reached skill level 2 in Conjurations
  6112 | D:6      | Reached skill level 2 in Air Magic
  6116 | D:6      | Learned a level 3 spell: Mephitic Cloud
  6487 | D:6      | Found a staircase to the Ecumenical Temple.
  6783 | D:3      | Killed Bobbunny's ghost
  6784 | D:3      | Reached skill level 3 in Ice Magic
  7111 | D:4      | Reached skill level 5 in Spellcasting
  7111 | D:4      | Reached skill level 3 in Conjurations
  7111 | D:4      | Reached skill level 3 in Air Magic
  7400 | D:2      | Killed Sigmund
  7401 | D:2      | Reached skill level 4 in Ice Magic
  7401 | D:2      | Reached skill level 1 in Alchemy
  7669 | D:7      | Reached XP level 9. HP: 42/69 MP: 1/16
  7889 | D:7      | Reached skill level 2 in Alchemy
  7985 | D:7      | Found a shimmering blue altar of Sif Muna.
  8080 | D:7      | Reached skill level 4 in Conjurations
  8080 | D:7      | Reached skill level 4 in Air Magic
  8370 | D:7      | Reached skill level 5 in Ice Magic
  8447 | D:7      | Reached **** piety under Dithmenos
  8728 | D:6      | Killed DeathSocks's ghost
  8729 | D:6      | Reached skill level 3 in Alchemy
  9116 | D:8      | Found a hide-covered altar of Uskayaw.
  9179 | D:8      | Reached skill level 5 in Conjurations
  9179 | D:8      | Reached skill level 6 in Ice Magic
  9179 | D:8      | Reached skill level 5 in Air Magic
  9267 | D:8      | Reached skill level 4 in Alchemy
  9353 | D:8      | Reached skill level 1 in Long Blades
  9629 | D:8      | Found a staircase to the Lair.
  9629 | D:8      | Noticed a fire crab
  9642 | D:8      | Killed a fire crab
  9643 | D:8      | Reached skill level 2 in Long Blades
  9643 | D:8      | Reached skill level 7 in Ice Magic
  9643 | D:8      | Reached skill level 5 in Alchemy
  9643 | D:8      | Reached XP level 10. HP: 44/77 MP: 7/17
 10233 | D:9      | Reached skill level 8 in Ice Magic
 10277 | D:9      | Found a flagged portal.
 10334 | Bailey   | Entered a bailey
 10633 | Bailey   | Noticed an orc knight
 10774 | Bailey   | Killed an orc knight
 11167 | D:9      | Noticed Harold
 11394 | D:9      | Learned a level 5 spell: Freezing Cloud
 11492 | D:9      | Found a radiant altar of Vehumet.
 11492 | D:9      | Noticed a two-headed ogre
 11495 | D:9      | Found a glowing golden altar of the Shining One.
 11605 | D:9      | Reached skill level 6 in Spellcasting
 11667 | D:9      | Noticed Grum
 11684 | D:9      | Killed Grum
 11685 | D:9      | Reached skill level 9 in Ice Magic
 12017 | D:9      | Killed a two-headed ogre
 12115 | D:10     | Entered Level 10 of the Dungeon
 12122 | D:10     | Reached skill level 6 in Conjurations
 12122 | D:10     | Reached skill level 6 in Air Magic
 12217 | D:10     | Reached skill level 10 in Ice Magic
 12304 | D:10     | Found a runed translucent door.
 12584 | D:10     | Noticed a two-headed ogre
 12589 | D:10     | Killed a two-headed ogre
 12590 | D:10     | Reached XP level 11. HP: 82/82 MP: 1/20
 12758 | D:10     | Reached ***** piety under Dithmenos
 12777 | D:10     | Reached skill level 7 in Spellcasting
 12984 | D:10     | Noticed a two-headed ogre
 12989 | D:10     | Killed a two-headed ogre
 12990 | D:10     | Reached skill level 11 in Ice Magic
 13233 | D:10     | Found a stormy altar of Qazlal.
 13432 | D:10     | Reached skill level 8 in Spellcasting
 13500 | D:10     | Reached skill level 12 in Ice Magic
 13871 | D:10     | Noticed AutarchDCSS's ghost (novice OnGl)
 13995 | D:10     | Killed AutarchDCSS's ghost
 13996 | D:10     | Reached skill level 4 in Fighting
 14165 | Lair:1   | Entered Level 1 of the Lair of Beasts
 14170 | Lair:1   | Reached skill level 5 in Fighting
 14170 | Lair:1   | Reached skill level 3 in Dodging
 14363 | Lair:1   | Reached skill level 4 in Dodging
 14715 | Lair:1   | Reached skill level 5 in Dodging
 14851 | Lair:1   | Reached XP level 12. HP: 69/94 MP: 1/24
 15087 | Lair:1   | Reached skill level 6 in Dodging
 15648 | Lair:2   | Reached skill level 6 in Fighting
 16339 | Lair:2   | Reached skill level 7 in Conjurations
 16339 | Lair:2   | Reached skill level 7 in Air Magic
 16706 | Lair:2   | Found a staircase to the Snake Pit.
 16758 | Lair:2   | Reached skill level 9 in Spellcasting
 17311 | Lair:2   | Found a staircase to the Swamp.
 17574 | Lair:3   | Found a burning altar of Makhleb.
 17579 | Lair:3   | Identified the ring of the Median {Will++ MP+9 Dex+3
                  | Stlth-}
 17683 | Lair:3   | Reached skill level 8 in Conjurations
 17739 | Lair:3   | Reached skill level 8 in Air Magic
 17839 | Lair:3   | Reached ****** piety under Dithmenos
 17969 | Lair:3   | Reached skill level 10 in Spellcasting
 18073 | Lair:3   | Reached XP level 13. HP: 73/102 MP: 7/27
 18499 | Lair:3   | Reached skill level 1 in Evocations
 18828 | Lair:3   | Learned a level 5 spell: Irradiate
 19469 | Lair:4   | Reached skill level 13 in Ice Magic
 19806 | Lair:4   | Reached skill level 6 in Alchemy
 20369 | Lair:4   | Reached skill level 9 in Conjurations
 20866 | Lair:4   | Reached skill level 7 in Alchemy
 21208 | Lair:4   | Reached skill level 14 in Ice Magic
 21262 | Lair:4   | Reached skill level 10 in Conjurations
 21264 | Lair:4   | Reached skill level 8 in Alchemy
 21413 | Lair:4   | Reached skill level 7 in Fighting
 21415 | Lair:4   | Reached XP level 14. HP: 76/113 MP: 14/28
 21524 | Lair:4   | Acquired the Parchment of the Tempestuous Wendigo
 21534 | Lair:4   | Learned a level 7 spell: Ozocubu's Refrigeration
 21651 | Lair:4   | Reached skill level 8 in Fighting
 21818 | Lair:4   | Got the Volume of the Cucurbite
 22153 | Lair:4   | Identified the +2 robe "Genu" {rElec Slay+6}
 22313 | Lair:5   | Entered Level 5 of the Lair of Beasts
 22417 | Lair:5   | Reached skill level 9 in Fighting
 22674 | Lair:5   | Reached skill level 10 in Fighting
 23236 | Lair:5   | Reached skill level 7 in Dodging
 23453 | Lair:5   | Reached skill level 8 in Dodging
 23453 | Lair:5   | Reached skill level 15 in Ice Magic
 23453 | Lair:5   | Reached XP level 15. HP: 126/126 MP: 29/29
 23630 | Lair:5   | Found a viscous altar of Jiyva.
 23636 | Lair:5   | Found a staircase to the Slime Pits.
 24877 | D:9      | Killed Harold
 25037 | D:11     | Found a staircase to the Orcish Mines.
 25326 | D:11     | Found a runed translucent gate.
 25327 | D:11     | Noticed Chish's ghost (journeyman NaIE)
 25331 | D:11     | Found a runed translucent gate.
 25333 | D:11     | Found a runed translucent gate.
 25333 | D:11     | Identified the +10 chain mail of the New World {rC+++ Int+4
                  | Dex-5}
 25338 | D:11     | Found a roughly hewn altar of Beogh.
 25350 | D:11     | Killed Chish's ghost
 26053 | D:11     | Reached skill level 9 in Dodging
 26131 | Orc:1    | Entered Level 1 of the Orcish Mines
 26834 | Orc:2    | Entered Level 2 of the Orcish Mines
 27237 | Orc:2    | Found Rigotece's Antique Weapon Shoppe.
 27239 | Orc:2    | Reached skill level 16 in Ice Magic
 27246 | Orc:2    | Noticed Snorg
 27254 | Orc:2    | Killed Snorg
 27255 | Orc:2    | Reached skill level 10 in Dodging
 27262 | Orc:2    | Found Fitsoraw's General Store.
 27398 | Orc:2    | Found a staircase to the Elven Halls.
 27552 | Orc:2    | Reached XP level 16. HP: 134/134 MP: 30/30
 27677 | Orc:2    | Your ally Snorg died
 27742 | Orc:2    | Found Qumian's Jewellery Shop.
 27779 | Orc:2    | Bought a scroll of identify for 22 gold pieces
 27799 | Orc:2    | Found Joonleta's General Store.
 27803 | Orc:2    | Bought an amulet of magic regeneration for 420 gold pieces
 27803 | Orc:2    | Bought the ring "Otsaerch" {Fly rElec rF+ Str+6 Dex-2} for
                  | 768 gold pieces
 27821 | Orc:2    | Bought a scroll of blinking for 105 gold pieces
 27821 | Orc:2    | Bought a +0 buckler for 63 gold pieces
 28157 | Orc:1    | Reached skill level 17 in Ice Magic
 28159 | Orc:1    | Reached skill level 1 in Shields
 28337 | Orc:1    | Found a roughly hewn altar of Beogh.
 28452 | D:12     | Found an ornate altar of the Wu Jian Council.
 28452 | D:12     | Found a hazy altar of Hepliaklqana.
 28454 | D:12     | Found a basalt altar of Yredelemnul.
 28466 | D:12     | Reached skill level 2 in Shields
 28699 | D:11     | Reached skill level 3 in Shields
 28767 | D:12     | Found a glowing silver altar of Zin.
 29049 | D:12     | Reached skill level 4 in Shields
 29280 | D:12     | Reached skill level 11 in Dodging
 29552 | D:12     | Found a transporter.
 29568 | D:12     | Noticed Sofotal's ghost (journeyman DjWr)
 29592 | D:12     | Found a transporter.
 30068 | D:13     | Reached skill level 5 in Shields
 30271 | D:13     | Reached skill level 18 in Ice Magic
 30325 | D:13     | Noticed Lodul
 30332 | D:13     | Killed Lodul
 30590 | D:14     | Noticed Kirke
 30596 | D:14     | Killed Kirke
 30692 | D:14     | Reached skill level 6 in Shields
 30749 | D:14     | Found Peqegec's Antique Weapon Shop.
 31445 | D:14     | Found a gate to the Vaults.
 31685 | D:15     | Entered Level 15 of the Dungeon
 32201 | D:15     | Reached skill level 9 in Necromancy
 32208 | D:15     | Reached XP level 17. HP: 99/140 MP: 6/31
 32686 | D:15     | Found a staircase to the Depths.
 32795 | D:15     | Reached skill level 11 in Spellcasting
 32987 | D:14     | Learned a level 6 spell: Permafrost Eruption
 33181 | Snake:1  | Entered Level 1 of the Snake Pit
 33356 | Snake:1  | Reached skill level 1 in Earth Magic
 33427 | Snake:1  | Reached skill level 19 in Ice Magic
 33669 | Snake:1  | Reached skill level 2 in Earth Magic
 34114 | Snake:2  | Reached skill level 10 in Necromancy
 34250 | Snake:2  | Reached skill level 3 in Earth Magic
 34744 | Snake:2  | Found a transporter.
 34746 | Snake:2  | Found Oschauwo's Jewellery Boutique.
 34789 | Snake:2  | Learned a level 2 spell: Sublimation of Blood
 35094 | Snake:2  | Reached skill level 4 in Earth Magic
 35307 | Snake:2  | Found a transporter.
 35931 | Snake:3  | Noticed Roxanne
 36542 | Snake:3  | Reached skill level 12 in Spellcasting
 36591 | Snake:3  | Reached skill level 5 in Earth Magic
 37090 | Snake:3  | Found Delanadgh's Jewellery Shop.
 37096 | Snake:3  | Bought the amulet "Ugritax" {Reflect Str+2 SH+5} for 824
                  | gold pieces
 37721 | Snake:4  | Entered Level 4 of the Snake Pit
 37837 | Snake:4  | Found a shimmering blue altar of Sif Muna.
 37884 | Snake:4  | Found an ornate altar of the Wu Jian Council.
 37897 | Snake:4  | Found Nyrhaipt's Antique Weapon Boutique.
 38141 | Snake:4  | Reached XP level 18. HP: 147/147 MP: 23/34
 38253 | Snake:4  | Reached skill level 6 in Earth Magic
 38324 | Snake:4  | Reached skill level 11 in Necromancy
 38324 | Snake:4  | Reached skill level 20 in Ice Magic
 38790 | Snake:4  | Reached skill level 7 in Shields
 39272 | Snake:4  | Reached skill level 7 in Earth Magic
 39387 | Snake:4  | Noticed Vashnia
 39411 | Snake:4  | Killed Vashnia
 40097 | Snake:4  | Got a serpentine rune of Zot
 40247 | Swamp:1  | Entered Level 1 of the Swamp
 40250 | Swamp:1  | Reached skill level 8 in Shields
 40611 | Swamp:1  | Reached skill level 12 in Necromancy
 40794 | Swamp:1  | Reached skill level 8 in Earth Magic
 41560 | Swamp:2  | Noticed Jorgrun
 41565 | Swamp:2  | Killed Jorgrun
 41566 | Swamp:2  | Reached skill level 9 in Shields
 41809 | Swamp:2  | Noticed Mlioglotl
 41818 | Swamp:2  | Killed Mlioglotl
 42195 | Swamp:2  | Reached skill level 9 in Earth Magic
 43054 | Swamp:3  | Acquired Great Wizards, Vol. VII
 43583 | Swamp:4  | Entered Level 4 of the Swamp
 43730 | Swamp:4  | Reached skill level 10 in Shields
 44225 | Swamp:4  | Reached XP level 19. HP: 154/154 MP: 35/35
 44277 | Swamp:4  | Reached skill level 9 in Alchemy
 44278 | Swamp:4  | Reached skill level 10 in Earth Magic
 44988 | Swamp:4  | Got a decaying rune of Zot
 45473 | Snake:3  | Killed Roxanne
 45474 | Snake:3  | Reached skill level 11 in Shields
 46217 | D:12     | Killed Sofotal's ghost
 46218 | D:12     | Reached skill level 10 in Alchemy
 46219 | D:12     | Identified the ring "Samebomof" {rF+ rN+ Int+3}
 46359 | D:12     | Learned a level 3 spell: Swiftness
 46472 | Elf:1    | Entered Level 1 of the Elven Halls
 46692 | Elf:1    | Reached skill level 12 in Shields
 46858 | Elf:1    | Got the Anthology of Generation
 47471 | Elf:1    | Found Zaphitis's General Store.
 47962 | Elf:2    | Reached skill level 13 in Shields
 48467 | Elf:2    | Reached skill level 14 in Shields
 48664 | Elf:2    | Found a runed translucent gate.
 49285 | Elf:2    | Found a runed translucent gate.
 49285 | Elf:2    | Found a runed translucent gate.
 49306 | Elf:2    | Reached skill level 15 in Shields
 49597 | Elf:2    | Reached XP level 20. HP: 158/161 MP: 22/36
 50115 | Elf:2    | Identified the blade talisman "Pehuvif" {rPois rN+++ Int-4
                  | Dex-2}
 50227 | Elf:3    | Entered Level 3 of the Elven Halls
 50488 | Elf:3    | Found a runed translucent door.
 50539 | Elf:3    | Reached skill level 11 in Conjurations
 50544 | Elf:3    | Reached skill level 11 in Alchemy
 50570 | Elf:3    | HP: 32/151 [ghostly deep elf death mage/bolt of negative
                  | energy (43)]
 51330 | Elf:3    | Identified the +3 ring mail of Inference {Int+3 Dex+3}
 51570 | Elf:3    | Found Koepsico's Weapon Boutique.
 51818 | Elf:3    | Identified the +9 battleaxe "Ahae" {freeze, +Blink rN+
                  | Will-}
 51830 | Elf:3    | Reached skill level 12 in Conjurations
 51879 | Elf:3    | Reached skill level 12 in Alchemy
 52468 | Elf:3    | Identified the +3 morningstar "Alapp" {holy, Str+4}
 52475 | Elf:3    | Reached skill level 11 in Fighting
 52656 | Elf:3    | Identified the ring "Ivenuin" {rElec EV+5 Str+4 Dex-5
                  | Slay+3}
 52663 | Elf:3    | Identified the amulet "Ywaaf" {Spirit Harm Rampage *Slow
                  | Will-}
 52911 | Elf:3    | Got the Folio of Transportation and the Entourage
 53105 | Elf:3    | Identified the staff "Jiafikle" {rPois rC+ rN+ Dex-4 Ice}
 53144 | Elf:3    | Reached skill level 12 in Fighting
 53739 | Vaults:1 | Entered Level 1 of the Vaults
 54198 | Vaults:1 | Noticed Norris
 54202 | Vaults:1 | Noticed Donald
 54212 | Vaults:1 | Killed Norris
 54214 | Vaults:1 | Killed Donald
 54809 | Vaults:1 | Reached skill level 11 in Earth Magic
 55032 | Vaults:1 | Reached XP level 21. HP: 163/174 MP: 14/37
 55517 | Vaults:1 | Reached skill level 13 in Spellcasting
 55922 | Vaults:2 | Noticed Saint Roka
 55940 | Vaults:2 | Killed Saint Roka
 56215 | Vaults:2 | Your ally Saint Roka died
 56399 | Vaults:2 | Reached skill level 12 in Earth Magic
 56400 | Vaults:2 | Identified the +3 robe of Defiance {Harm ^Drain +Inv Int+3}
 56400 | Vaults:2 | Noticed Boris
 56414 | Vaults:2 | Killed Boris
 56584 | Vaults:2 | Noticed Mara
 56589 | Vaults:2 | Killed Mara
 56798 | Vaults:2 | Noticed Jory
 56807 | Vaults:2 | Killed Jory
 56808 | Vaults:2 | Reached skill level 14 in Spellcasting
 56990 | Vaults:2 | Found a glowing silver altar of Zin.
 58110 | Vaults:3 | Reached skill level 13 in Fighting
 58397 | Vaults:3 | Found Biupah's Jewellery Boutique.
 58402 | Vaults:3 | Bought the ring of Okkus {rElec rC+ Will+ Str+3 SInv} for
                  | 718 gold pieces
 58502 | Vaults:3 | Identified the +9 lajatang of Dimnaec {pain, rPois}
 58504 | Vaults:3 | Found a staircase to the Crypt.
 59168 | Vaults:3 | Reached skill level 15 in Spellcasting
 59469 | Vaults:3 | Gained mutation: You are vulnerable to heat. (rF-) [a
                  | shining eye]
 59471 | Vaults:3 | Lost mutation: You are vulnerable to heat. (rF-) [potion of
                  | mutation]
 59471 | Vaults:3 | Gained mutation: You are somewhat resistant to further
                  | mutation. [potion of mutation]
 59553 | Vaults:3 | Identified the +2 bardiche of the Dragonfly {freeze, rF+
                  | MP+9}
 59867 | Vaults:3 | Found a portal to a secret trove of treasure.
 60408 | Vaults:4 | Reached skill level 13 in Earth Magic
 61003 | Vaults:4 | Identified the +0 leather armour of the Hunter {rC+}
 61076 | Vaults:4 | Reached skill level 14 in Earth Magic
 61092 | Vaults:4 | Identified the orb of Forking Paths {*channel, Regen+ Str+4
                  | Earth}
 61092 | Vaults:4 | Noticed Frederick
 61098 | Vaults:4 | Killed Frederick
 61099 | Vaults:4 | Reached skill level 3 in Invocations
 61247 | Vaults:4 | Found the +8 arc blade {discharge, rElec}
 61247 | Vaults:4 | Noticed Zissick's ghost (adept MiBr)
 61248 | Vaults:4 | Found a transporter.
 61249 | Vaults:4 | Identified the +9 great mace of the Unliving {flame, Str+4}
 61304 | Vaults:4 | Reached XP level 22. HP: 185/185 MP: 41/41
 61414 | Vaults:4 | Reached skill level 4 in Invocations
 61590 | Vaults:4 | Reached skill level 5 in Invocations
 62269 | Vaults:4 | Upgraded the game from 0.32-a0-876-gcfddb08e57 to
                  | 0.32-a0-886-g41c5271027
 62409 | Crypt:1  | Entered Level 1 of the Crypt
 62521 | Crypt:1  | Identified the +3 robe of the Ecumenical Temple {rElec
                  | Dex+2}
 62521 | Crypt:1  | Noticed Boris
 62654 | Crypt:1  | Killed Boris
 62880 | Crypt:1  | Reached skill level 21 in Ice Magic
 62888 | Crypt:1  | Learned a level 5 spell: Yara's Violent Unravelling
 62958 | Crypt:1  | Reached skill level 1 in Hexes
 63120 | Crypt:1  | Reached skill level 2 in Hexes
 63127 | Crypt:1  | Reached skill level 15 in Earth Magic
 63694 | Crypt:2  | Reached skill level 3 in Hexes
 64096 | Crypt:2  | Reached skill level 4 in Hexes
 64734 | Crypt:3  | Entered Level 3 of the Crypt
 64877 | Crypt:3  | Reached skill level 5 in Hexes
 65143 | Crypt:3  | Found a staircase to the Tomb.
 65151 | Crypt:3  | Identified the +4 dagger of Dishonour {flame, rPois Str+3}
 65258 | Crypt:3  | Reached skill level 6 in Hexes
 65258 | Crypt:3  | Reached skill level 16 in Earth Magic
 65731 | Crypt:3  | Reached skill level 7 in Hexes
 65995 | Crypt:3  | Found a basalt altar of Yredelemnul.
 65997 | Crypt:3  | Noticed a dread lich
 66005 | Crypt:3  | Killed a dread lich
 66006 | Crypt:3  | Reached skill level 8 in Hexes
 66006 | Crypt:3  | Reached XP level 23. HP: 192/192 MP: 20/42
 66184 | Crypt:3  | Found the +8 Vampire's Tooth {megavamp}
 67085 | Slime:1  | Entered Level 1 of the Pits of Slime
 68337 | Slime:3  | Paralysed by a formless jellyfish for 1 turns
 68340 | Slime:3  | Paralysed by a formless jellyfish for 1 turns
 68343 | Slime:3  | HP: 41/192 [formless jellyfish (10)]
 68348 | Slime:2  | HP: 29/192 [poisoned by a formless jellyfish]
 68496 | Slime:3  | Reached skill level 9 in Hexes
 69192 | Slime:4  | Reached skill level 13 in Necromancy
 70033 | Slime:5  | Entered Level 5 of the Pits of Slime
 70146 | Slime:5  | Reached skill level 10 in Hexes
 70337 | Slime:5  | Noticed the Royal Jelly
 70358 | Slime:5  | Reached skill level 14 in Necromancy
 70807 | Slime:5  | Killed the Royal Jelly
 70808 | Slime:5  | Reached skill level 12 in Dodging
 71038 | Slime:5  | Found the +7 hand cannon "Mule" {flame, backblast, rF+}
 71038 | Slime:5  | Found the macabre finger necklace {Finger+ rN+}
 71050 | Slime:5  | Identified the orb "Zaling" {*Rage, rElec rF+ Stlth+}
 71052 | Slime:5  | Got a slimy rune of Zot
 71181 | Slime:5  | Identified the ring "Fucrel" {Fly rF+ MP+9 Int+3}
 71214 | Slime:5  | Identified the +11 war axe of Eternal Night {vamp, rF-
                  | Dex+2 Stlth+}
 71223 | Slime:5  | Identified the +9 rapier "Fimaysy" {heavy, rPois rF- Str+5}
 71235 | Slime:5  | Identified the +6 quarterstaff of Roxux {heavy, rElec}
 71884 | Depths:1 | Entered Level 1 of the Depths
 72262 | Depths:1 | Reached skill level 14 in Fighting
 72661 | Depths:1 | Reached skill level 13 in Dodging
 72993 | Depths:1 | Found a gateway to Hell.
 72999 | Depths:1 | Identified the +3 demon trident of Propriety {vamp, rC++}
 73567 | Depths:2 | Reached XP level 24. HP: 188/203 MP: 42/42
 74094 | Depths:2 | Reached skill level 14 in Dodging
 74191 | Depths:2 | Reached skill level 22 in Ice Magic
 74232 | Depths:2 | Found a one-way gate to the infinite horrors of the Abyss.
 74389 | Depths:2 | Got Nigesh's Anthology of Superposition and Lava
 74460 | Depths:2 | Found a one-way gate leading to the halls of Pandemonium.
 74647 | Depths:3 | Noticed Margery
 74651 | Depths:3 | Killed Margery
 74856 | Depths:3 | Found a corrupted altar of Lugonu.
 74954 | Depths:3 | Reached skill level 23 in Ice Magic
 74989 | Depths:3 | Found a shimmering blue altar of Sif Muna.
 74991 | Depths:3 | Found a transporter.
 75015 | Depths:3 | Noticed an ancient lich
 75031 | Depths:3 | Found Tyagh's Weapon Shoppe.
 75032 | Depths:3 | Found a runed translucent door.
 75033 | Depths:3 | Noticed avangion's ghost (veteran DECj)
 75042 | Depths:3 | Identified the +0 robe of Tender Moments {rC- rCorr Slay+5
                  | Archmagi}
 75302 | Depths:3 | Found Beinis's Assorted Antiques.
 75311 | Depths:3 | Bought a scroll labelled VOIGEY KIEBA for 41 gold pieces
 75735 | Depths:3 | Killed avangion's ghost
 75751 | Depths:3 | HP: 42/203 [juggernaut simulacrum (42)]
 76167 | Depths:3 | Identified the amulet of Wishful Thinking {Acrobat rElec
                  | rPois Stlth+}
 76294 | Depths:3 | Killed from afar by an ancient lich

Illustrated notes

Levels and vault maps discovered:
D:1:      scummos_arrival_hexagon, layout_basic, shapermc_ecumenical_altar_gd
D:2:      minmay_inner_zag, layout_loops_cross, kennysheep_generic_room_9,
          uniq_sigmund
D:3:      layout_loops_ring, ashenzari_altar_1,
          nicolae_yredelemnul_ghost_church, small_statue_alley_b
D:4:      layout_loops_cross, mainiacjoe_overflow_brackets,
          gup_sewer_entry_spiral, lightli_minifort
D:5:      layout_rooms, serial_shops, nicolae_shop_real_fake_doors,
          minmay_misc_feat_secret_circle
D:6:      layout_rooms, okawaru_ov_weapons_minmay,
          minmay_temple_entry_nine_rooms, hellmonk_ghost_happy_afterlife,
          minivault_1, nicolae_shop_vocational, uniq_edmund, uniq_blork_the_orc
D:7:      layout_rooms, kennysheep_little_box, hangedman_decor_growths
D:8:      hellmonk_ruined_rings, layout_rooms,
          mainiacjoe_overflow_six_doors_small, minmay_lair_entry_lava,
          hex_medium, kennysheep_decorative_pillar, st_stairs_10
D:9:      layout_basic, jmf_multi_god_temple2, enter_bailey_2, uniq_grum,
          uniq_harold
D:10:     layout_loops_ring, nicolae_qazlal_scattered_showers,
          ebering_ghost_reflecting_pool, dreamdust_princess_corridor,
          onia_ninara_cookie
D:11:     layout_stronghold, david_orc_2, biasface_ghost_orc_armoury
D:12:     minmay_the_grid_octo_tiled_squarecenter_mashed
          [minmay_the_grid_octo_focus, minmay_the_grid_octo_clover,
          minmay_the_grid_octo_shrine, minmay_the_grid_octo_odd_swirl,
          minmay_the_grid_square_5x5_megaprize_crossed,
          minmay_the_grid_square_5x5_half_checkered,
          minmay_the_grid_square_5x5_beaten_path,
          minmay_the_grid_square_5x5_tie, minmay_the_grid_square_5x5_percent],
          layout_rooms, gammafunk_ghost_berserking_beasts, minivault_16
D:13:     layout_cave_pools, lemuel_flame_loot_1, uniq_lodul
D:14:     layout_grid_maze, hellmonk_vaults_keyhole, serial_shops, shop,
          minivault_4, uniq_kirke
D:15:     grunt_enter_depths_snipers, layout_rooms, grunt_decor_clamped,
          minmay_pinched_square
Lair:1:   layout_gridlike, serial_bayou_shore_a
Lair:2:   layout_hall_layers, nicolae_swamp_entry_splash_gauntlet,
          guppyfry_snake_entry_island, grunt_megastairs_4,
          infiniplex_staircase_pool_2
Lair:3:   layout_hall_layers, basic_altar, ice2_lemuel
Lair:4:   nzn_winding_woodlands_huge [nzn_winding_woodlands_5x15_cabin,
          nzn_winding_woodlands_5x15_twine, nzn_winding_woodlands_5x15_crooked,
          nzn_winding_woodlands_5x15_default,
          nzn_winding_woodlands_5x15_split_checker,
          nzn_winding_woodlands_5x15_parted, nzn_winding_woodlands_5x15_jagged,
          nzn_winding_woodlands_5x15_pool, nzn_winding_woodlands_5x15_longhouse,
          nzn_winding_woodlands_5x15_sidewinder,
          nzn_winding_woodlands_center_lodge,
          nzn_winding_woodlands_center_triple_pond,
          nzn_winding_woodlands_15x15_thick_spiral], layout_regular_city
Lair:5:   hangedman_lair_tendril_chambers, layout_cave_pods, slime_entry_1
Swamp:1:  layout_basic_swamp, nicolae_swamp_decorative_isthmus,
          nicolae_swamp_tree_isthmus
Swamp:2:  layout_basic_swamp, evilmike_swamp_ruin_house_1, uniq_mlioglotl,
          uniq_jorgrun
Swamp:3:  layout_basic_swamp, evilmike_swamp_ruin_rubble_1
Swamp:4:  swamp, layout_basic_swamp, swamp_pool_3, infiniplex_staircase_pool
Snake:1:  layout_grid_shapes, serial_library_hellmonk_reading_circle
Snake:2:  layout_gridlike, serial_shops, nicolae_shop_drivethru,
          nrook_loot_triangle, nicolae_snake_the_dead_are_slithering
Snake:3:  layout_honeycomb, serial_shops, shop,
          nicolae_snake_guarding_the_ruins, uniq_roxanne
Snake:4:  johnstein_snake_rune_scales, layout_onion, serial_shops,
          nicolae_square_shop, basic_altar, regret_index_snakedec_diamondback,
          serial_library_hellmonk_narrow_alcove
Slime:1:  layout_caves
Slime:2:  layout_caves
Slime:3:  layout_caves, nicolae_slime_crime_time
Slime:4:  layout_caves
Slime:5:  slime_pit
Orc:1:    layout_caves, regret_index_minedec_guest_junction, mines1_david
Orc:2:    st_orc_open, layout_diamond_mine, uniq_snorg
Elf:1:    layout_loops_ring, serial_shops, shop_statue, minmay_elf_demonology
Elf:2:    nicolae_elf_blades_crystal_corner, layout_geoelf_octagon,
          lemuel_elevator
Elf:3:    minmay_elf_hall_furrowed, layout_onion_city, serial_shops,
          nicolae_shop_bloodbath_and_beyond, nicolae_danse_macabre
Vaults:1: vaults_mumra_chevron, vaults_mumra_hexcomb, vaults_room_hallway,
          vaults_room_fours, nicolae_vaults_surprise_closet,
          hangedman_vaults_nails, nicolae_vaults_surprise_closet,
          vaults_room_stairs_pillars, nicolae_vaults_asterisk,
          nicolae_vaults_tetromino_Z_1, layout_vaults_big_room, uniq_norris,
          uniq_donald
Vaults:2: nicolae_vaults_shelves_hall, st_more_cells,
          nicolae_vaults_network_quinsquares
          [nicolae_vaults_network_quincunx_subvault,
          nicolae_vaults_network_quincunx_subvault,
          nicolae_vaults_network_quincunx_subvault,
          nicolae_vaults_network_quincunx_subvault],
          nicolae_vaults_closet_pinwheel_4, lemuel_angel_altar,
          ontoclasm_vaults_misaligned, nicolae_vaults_yaktaur_gun_rack,
          nicolae_vaults_double_plus_1, layout_vaults_omnigrid, uniq_jory,
          uniq_boris, uniq_saint_roka, uniq_mara
Vaults:3: nicolae_vaults_rhombus_6, v_misc_9, minmay_crypt_entry_simple_statues,
          v_pattern_4, v_misc_18, vaults_mumra_chevron_long,
          grunt_vaults_bifocal, vaults_room_corners, vaults_standard_mumra_x,
          nicolae_vaults_specimen_jars, nicolae_vaults_shelves_hall,
          nicolae_vaults_loss_of_containment, layout_vaults_maze_snakey,
          nicolae_trove_entry_crystal, serial_shops, shop
Vaults:4: gammafunk_ghost_smash, nicolae_vaults_weapon_check,
          ontoclasm_vaults_bender, vaults_mumra_minichess,
          nicolae_vaults_diagonal_hallway_8, grunt_vaults_focal, v_misc_30,
          nicolae_vaults_frosty_reception, ontoclasm_vaults_chip,
          nicolae_vaults_double_plus_2, vaults_room_fancy_cross,
          vaults_room_octagon, nicolae_vaults_little_squares_3,
          vaults_room_corners, vaults_room_stairs_pillars,
          layout_vaults_omnibox, uniq_frederick
Crypt:1:  layout_misc_corridors, serial_sigils_hangedman_clutch,
          grunt_megastairs_1, grunt_crypt_arrival_guarded_gate
Crypt:2:  layout_misc_corridors
Crypt:3:  cryptofortress_bobbens
Depths:1: minmay_containers, layout_basic, columned_hall_lemuel, hellmouth_1,
          nicolae_concentric_dashed_squares_wild, drop_trap,
          hangedman_abyss_or_decor_stagger, st_stairs_10, minmay_misc_feat_chi
Depths:2: minmay_tri_box, layout_cave_pools, abyss_entry, pan_entry, hell_entry
Depths:3: gammafunk_sealed_library, layout_honeycomb,
          muffindrake_ghost_dead_mans_drink, minmay_misc_feat_nine_boxes,
          abyss_entry_flame_altar, serial_shops,
          nicolae_shop_competitors_out_of_business, nicolae_shop_behind_doors,
          grunt_metal_band, st_stairs_12

Skill      XL: |  1  2  3  4  5  6  7  8  9 10 11 12 13 14 15 16 17 18 19 20 21 22 23 24 |
---------------+-------------------------------------------------------------------------+-----
Stealth        | 2 3 |  3.0
Fighting       | 1 2 3 5 6 7 10 12 13 14 | 14.0
Spellcasting   | 3 4 5 6 8 10 12 15 | 15.0
Necromancy     | 5 7 8 9 10 12 14 | 14.0
Invocations    | 1 3 5 |  5.0
Conjurations   | 1 3 5 6 8 10 12 | 12.0
Ice Magic      | 1 4 7 10 12 14 15 16 18 19 20 21 23 | 23.9
Air Magic      | 1 3 5 6 8 |  8.0
Alchemy        | 1 5 8 10 12 | 12.0
Long Blades    | 2 |  2.0
Dodging        | 5 6 8 10 11 13 14 | 14.0
Evocations     | 1 |  1.0
Shields        | 6 10 15 | 15.0
Earth Magic    | 5 9 10 11 14 16 | 16.0
Hexes          | 8 10 | 10.0

Action                     |  1- 3 |  4- 6 |  7- 9 | 10-12 | 13-15 | 16-18 | 19-21 | 22-24 || total
---------------------------+-------+-------+-------+-------+-------+-------+-------+-------++-------
  Melee: Unarmed           |     3 |       |       |       |       |       |       |       ||     3
         Dagger            |    40 |    69 |    25 |       |       |       |       |       ||   134
         Tailslap          |     9 |     9 |    15 |    14 |    10 |     9 |       |     5 ||    71
         Falchion          |       |       |    88 |       |       |       |       |       ||    88
         Long sword        |       |       |    21 |    32 |    22 |    12 |       |       ||    87
         Staff             |       |       |       |    51 |    28 |    15 |     2 |    15 ||   111
         Scimitar          |       |       |       |       |       |     7 |       |    11 ||    18
   Fire: Orcbow            |       |       |     2 |       |       |       |       |       ||     2
  Throw: Dart              |       |       |     3 |       |       |       |       |       ||     3
   Cast: Necrotise         |    69 |    64 |   123 |    34 |     8 |       |       |       ||   298
         Vampiric Draining |       |    11 |    41 |    76 |    64 |    14 |     4 |       ||   210
         Animate Dead      |       |       |     4 |     2 |     2 |     1 |     2 |       ||    11
         Dispel Undead     |       |       |    12 |    14 |     2 |    35 |    12 |    95 ||   170
         Freezing Cloud    |       |       |       |    91 |    81 |    18 |       |       ||   190
         Mephitic Cloud    |       |       |       |     1 |       |       |       |       ||     1
         Irradiate         |       |       |       |       |    12 |    20 |    57 |    72 ||   161
         Ozocubu's Refrige |       |       |       |       |    61 |   415 |   124 |   100 ||   700
         Sublimation of Bl |       |       |       |       |       |   180 |   232 |   159 ||   571
         Permafrost Erupti |       |       |       |       |       |   176 |   423 |   578 ||  1177
         Yara's Violent Un |       |       |       |       |       |       |       |     9 ||     9
Ability: Glacial Breath    |       |       |     4 |     1 |       |     1 |     7 |     3 ||    16
  Evoke: Wand              |       |       |       |       |     4 |       |       |       ||     4
    Use: Scroll            |     4 |     1 |     7 |     5 |     6 |    10 |     2 |     3 ||    38
         Potion            |       |     2 |       |       |     2 |       |     1 |     5 ||    10
   Stab: Sleeping          |     1 |     1 |       |     1 |     1 |       |       |       ||     4
         Distracted        |       |       |     3 |       |       |       |       |       ||     3
 Armour: Skin              |    25 |    49 |   141 |   161 |   129 |   191 |   131 |   325 ||  1152
  Dodge: Dodged            |    24 |    44 |   132 |   137 |   106 |   115 |    87 |   181 ||   826
         Repelled          |       |       |       |       |       |    25 |    29 |    23 ||    77
  Block: Buckler           |       |       |       |       |       |    53 |     4 |       ||    57
         Reflection        |       |       |       |       |       |     5 |    22 |       ||    27
         Kite shield       |       |       |       |       |       |       |   163 |       ||   163

Table legend: (Time is in decaauts)
 A = Elapsed time spent in this place.
 B = Non-inter-level travel time spent in this place.
 C = Inter-level travel time spent in this place.
 D = Time resting spent in this place.
 E = Time spent auto-exploring this place.
 F = Levels seen in this place.
 G = Mean time per level.
                   A        B        C        D        E       F      G
               +--------+--------+--------+--------+--------+-----+--------+
         Total |  76487 |  71165 |   5322 |   5363 |  56138 |  50 | 1529.7 |
       Dungeon |  20493 |  18581 |   1912 |   1303 |  14498 |  15 | 1366.2 |
          Lair |  11340 |  10202 |   1138 |    799 |   8178 |   5 | 2268.0 |
         Swamp |   4836 |   4654 |    182 |      9 |   4086 |   4 | 1209.0 |
     Snake Pit |   7445 |   6980 |    465 |    530 |   5597 |   4 | 1861.2 |
    Slime Pits |   4501 |   4231 |    270 |    950 |   2630 |   5 |  900.2 |
  Orcish Mines |   2704 |   2392 |    312 |    385 |   1715 |   2 | 1352.0 |
   Elven Halls |   6798 |   6415 |    383 |    427 |   5136 |   3 | 2266.0 |
        Vaults |   8914 |   8572 |    342 |    248 |   7499 |   4 | 2228.5 |
         Crypt |   4153 |   3958 |    195 |    222 |   3015 |   3 | 1384.3 |
        Depths |   4412 |   4292 |    120 |    265 |   3421 |   3 | 1470.7 |
         Sewer |    269 |    269 |      0 |     58 |     99 |   1 |  269.0 |
        Bailey |    618 |    618 |      0 |    167 |    263 |   1 |  618.0 |
               +--------+--------+--------+--------+--------+-----+--------+

Top non-repeatable levels by time:
  Lair:4: 3580 daAuts
   Elf:3: 3324 daAuts
Vaults:2: 2462 daAuts
Vaults:3: 2458 daAuts
  Lair:5: 2392 daAuts
   Elf:2: 2389 daAuts
 Snake:4: 2324 daAuts
  Lair:2: 2221 daAuts
 Snake:3: 2191 daAuts
    D:10: 2040 daAuts
Vaults:4: 2024 daAuts
Vaults:1: 1968 daAuts
 Crypt:3: 1914 daAuts
Depths:1: 1812 daAuts
   Orc:2: 1806 daAuts

Levels and vault maps discovered:
D:1:      scummos_arrival_hexagon, layout_basic, shapermc_ecumenical_altar_gd
D:2:      minmay_inner_zag, layout_loops_cross, kennysheep_generic_room_9,
          uniq_sigmund
D:3:      layout_loops_ring, ashenzari_altar_1,
          nicolae_yredelemnul_ghost_church, small_statue_alley_b
D:4:      layout_loops_cross, mainiacjoe_overflow_brackets,
          gup_sewer_entry_spiral, lightli_minifort
D:5:      layout_rooms, serial_shops, nicolae_shop_real_fake_doors,
          minmay_misc_feat_secret_circle
D:6:      layout_rooms, okawaru_ov_weapons_minmay,
          minmay_temple_entry_nine_rooms, hellmonk_ghost_happy_afterlife,
          minivault_1, nicolae_shop_vocational, uniq_edmund, uniq_blork_the_orc
D:7:      layout_rooms, kennysheep_little_box, hangedman_decor_growths
D:8:      hellmonk_ruined_rings, layout_rooms,
          mainiacjoe_overflow_six_doors_small, minmay_lair_entry_lava,
          hex_medium, kennysheep_decorative_pillar, st_stairs_10
D:9:      layout_basic, jmf_multi_god_temple2, enter_bailey_2, uniq_grum,
          uniq_harold
D:10:     layout_loops_ring, nicolae_qazlal_scattered_showers,
          ebering_ghost_reflecting_pool, dreamdust_princess_corridor,
          onia_ninara_cookie
D:11:     layout_stronghold, david_orc_2, biasface_ghost_orc_armoury
D:12:     minmay_the_grid_octo_tiled_squarecenter_mashed
          [minmay_the_grid_octo_focus, minmay_the_grid_octo_clover,
          minmay_the_grid_octo_shrine, minmay_the_grid_octo_odd_swirl,
          minmay_the_grid_square_5x5_megaprize_crossed,
          minmay_the_grid_square_5x5_half_checkered,
          minmay_the_grid_square_5x5_beaten_path,
          minmay_the_grid_square_5x5_tie, minmay_the_grid_square_5x5_percent],
          layout_rooms, gammafunk_ghost_berserking_beasts, minivault_16
D:13:     layout_cave_pools, lemuel_flame_loot_1, uniq_lodul
D:14:     layout_grid_maze, hellmonk_vaults_keyhole, serial_shops, shop,
          minivault_4, uniq_kirke
D:15:     grunt_enter_depths_snipers, layout_rooms, grunt_decor_clamped,
          minmay_pinched_square
Lair:1:   layout_gridlike, serial_bayou_shore_a
Lair:2:   layout_hall_layers, nicolae_swamp_entry_splash_gauntlet,
          guppyfry_snake_entry_island, grunt_megastairs_4,
          infiniplex_staircase_pool_2
Lair:3:   layout_hall_layers, basic_altar, ice2_lemuel
Lair:4:   nzn_winding_woodlands_huge [nzn_winding_woodlands_5x15_cabin,
          nzn_winding_woodlands_5x15_twine, nzn_winding_woodlands_5x15_crooked,
          nzn_winding_woodlands_5x15_default,
          nzn_winding_woodlands_5x15_split_checker,
          nzn_winding_woodlands_5x15_parted, nzn_winding_woodlands_5x15_jagged,
          nzn_winding_woodlands_5x15_pool, nzn_winding_woodlands_5x15_longhouse,
          nzn_winding_woodlands_5x15_sidewinder,
          nzn_winding_woodlands_center_lodge,
          nzn_winding_woodlands_center_triple_pond,
          nzn_winding_woodlands_15x15_thick_spiral], layout_regular_city
Lair:5:   hangedman_lair_tendril_chambers, layout_cave_pods, slime_entry_1
Swamp:1:  layout_basic_swamp, nicolae_swamp_decorative_isthmus,
          nicolae_swamp_tree_isthmus
Swamp:2:  layout_basic_swamp, evilmike_swamp_ruin_house_1, uniq_mlioglotl,
          uniq_jorgrun
Swamp:3:  layout_basic_swamp, evilmike_swamp_ruin_rubble_1
Swamp:4:  swamp, layout_basic_swamp, swamp_pool_3, infiniplex_staircase_pool
Snake:1:  layout_grid_shapes, serial_library_hellmonk_reading_circle
Snake:2:  layout_gridlike, serial_shops, nicolae_shop_drivethru,
          nrook_loot_triangle, nicolae_snake_the_dead_are_slithering
Snake:3:  layout_honeycomb, serial_shops, shop,
          nicolae_snake_guarding_the_ruins, uniq_roxanne
Snake:4:  johnstein_snake_rune_scales, layout_onion, serial_shops,
          nicolae_square_shop, basic_altar, regret_index_snakedec_diamondback,
          serial_library_hellmonk_narrow_alcove
Slime:1:  layout_caves
Slime:2:  layout_caves
Slime:3:  layout_caves, nicolae_slime_crime_time
Slime:4:  layout_caves
Slime:5:  slime_pit
Orc:1:    layout_caves, regret_index_minedec_guest_junction, mines1_david
Orc:2:    st_orc_open, layout_diamond_mine, uniq_snorg
Elf:1:    layout_loops_ring, serial_shops, shop_statue, minmay_elf_demonology
Elf:2:    nicolae_elf_blades_crystal_corner, layout_geoelf_octagon,
          lemuel_elevator
Elf:3:    minmay_elf_hall_furrowed, layout_onion_city, serial_shops,
          nicolae_shop_bloodbath_and_beyond, nicolae_danse_macabre
Vaults:1: vaults_mumra_chevron, vaults_mumra_hexcomb, vaults_room_hallway,
          vaults_room_fours, nicolae_vaults_surprise_closet,
          hangedman_vaults_nails, nicolae_vaults_surprise_closet,
          vaults_room_stairs_pillars, nicolae_vaults_asterisk,
          nicolae_vaults_tetromino_Z_1, layout_vaults_big_room, uniq_norris,
          uniq_donald
Vaults:2: nicolae_vaults_shelves_hall, st_more_cells,
          nicolae_vaults_network_quinsquares
          [nicolae_vaults_network_quincunx_subvault,
          nicolae_vaults_network_quincunx_subvault,
          nicolae_vaults_network_quincunx_subvault,
          nicolae_vaults_network_quincunx_subvault],
          nicolae_vaults_closet_pinwheel_4, lemuel_angel_altar,
          ontoclasm_vaults_misaligned, nicolae_vaults_yaktaur_gun_rack,
          nicolae_vaults_double_plus_1, layout_vaults_omnigrid, uniq_jory,
          uniq_boris, uniq_saint_roka, uniq_mara
Vaults:3: nicolae_vaults_rhombus_6, v_misc_9, minmay_crypt_entry_simple_statues,
          v_pattern_4, v_misc_18, vaults_mumra_chevron_long,
          grunt_vaults_bifocal, vaults_room_corners, vaults_standard_mumra_x,
          nicolae_vaults_specimen_jars, nicolae_vaults_shelves_hall,
          nicolae_vaults_loss_of_containment, layout_vaults_maze_snakey,
          nicolae_trove_entry_crystal, serial_shops, shop
Vaults:4: gammafunk_ghost_smash, nicolae_vaults_weapon_check,
          ontoclasm_vaults_bender, vaults_mumra_minichess,
          nicolae_vaults_diagonal_hallway_8, grunt_vaults_focal, v_misc_30,
          nicolae_vaults_frosty_reception, ontoclasm_vaults_chip,
          nicolae_vaults_double_plus_2, vaults_room_fancy_cross,
          vaults_room_octagon, nicolae_vaults_little_squares_3,
          vaults_room_corners, vaults_room_stairs_pillars,
          layout_vaults_omnibox, uniq_frederick
Crypt:1:  layout_misc_corridors, serial_sigils_hangedman_clutch,
          grunt_megastairs_1, grunt_crypt_arrival_guarded_gate
Crypt:2:  layout_misc_corridors
Crypt:3:  cryptofortress_bobbens
Depths:1: minmay_containers, layout_basic, columned_hall_lemuel, hellmouth_1,
          nicolae_concentric_dashed_squares_wild, drop_trap,
          hangedman_abyss_or_decor_stagger, st_stairs_10, minmay_misc_feat_chi
Depths:2: minmay_tri_box, layout_cave_pools, abyss_entry, pan_entry, hell_entry
Depths:3: gammafunk_sealed_library, layout_honeycomb,
          muffindrake_ghost_dead_mans_drink, minmay_misc_feat_nine_boxes,
          abyss_entry_flame_altar, serial_shops,
          nicolae_shop_competitors_out_of_business, nicolae_shop_behind_doors,
          grunt_metal_band, st_stairs_12

Table legend: (Time is in decaauts)
 A = Elapsed time spent in this place.
 B = Non-inter-level travel time spent in this place.
 C = Inter-level travel time spent in this place.
 D = Time resting spent in this place.
 E = Time spent auto-exploring this place.
 F = Levels seen in this place.
 G = Mean time per level.
                   A        B        C        D        E       F      G
               +--------+--------+--------+--------+--------+-----+--------+
         Total |  76487 |  71165 |   5322 |   5363 |  56138 |  50 | 1529.7 |
       Dungeon |  20493 |  18581 |   1912 |   1303 |  14498 |  15 | 1366.2 |
          Lair |  11340 |  10202 |   1138 |    799 |   8178 |   5 | 2268.0 |
         Swamp |   4836 |   4654 |    182 |      9 |   4086 |   4 | 1209.0 |
     Snake Pit |   7445 |   6980 |    465 |    530 |   5597 |   4 | 1861.2 |
    Slime Pits |   4501 |   4231 |    270 |    950 |   2630 |   5 |  900.2 |
  Orcish Mines |   2704 |   2392 |    312 |    385 |   1715 |   2 | 1352.0 |
   Elven Halls |   6798 |   6415 |    383 |    427 |   5136 |   3 | 2266.0 |
        Vaults |   8914 |   8572 |    342 |    248 |   7499 |   4 | 2228.5 |
         Crypt |   4153 |   3958 |    195 |    222 |   3015 |   3 | 1384.3 |
        Depths |   4412 |   4292 |    120 |    265 |   3421 |   3 | 1470.7 |
         Sewer |    269 |    269 |      0 |     58 |     99 |   1 |  269.0 |
        Bailey |    618 |    618 |      0 |    167 |    263 |   1 |  618.0 |
               +--------+--------+--------+--------+--------+-----+--------+

Top non-repeatable levels by time:
  Lair:4: 3580 daAuts
   Elf:3: 3324 daAuts
Vaults:2: 2462 daAuts
Vaults:3: 2458 daAuts
  Lair:5: 2392 daAuts
   Elf:2: 2389 daAuts
 Snake:4: 2324 daAuts
  Lair:2: 2221 daAuts
 Snake:3: 2191 daAuts
    D:10: 2040 daAuts
Vaults:4: 2024 daAuts
Vaults:1: 1968 daAuts
 Crypt:3: 1914 daAuts
Depths:1: 1812 daAuts
   Orc:2: 1806 daAuts

Table legend:
 A = Kills in this place as a percentage of kills in the entire game.
 B = Kills by you in this place as a percentage of kills by you in the entire game.
 C = Kills by friends in this place as a percentage of kills by friends in the entire game.
 D = Other kills in this place as a percentage of other kills in the entire game.
 E = Experience gained in this place as a percentage of experience gained in the entire game.
 F = Experience gained in this place divided by the number of levels of this place that you have seen.
                   A       B       C       D       E      F
               +-------+-------+-------+-------+-------+----------------------
         Total | 100.0 | 100.0 | 100.0 | 100.0 | 100.0 | 20820.2
       Dungeon |  21.6 |  21.1 |  45.2 |   0.0 |   8.9 | 6183.3
          Lair |  10.6 |  10.8 |   0.0 |   0.0 |   6.6 | 13729.2
         Swamp |   6.3 |   6.4 |   0.0 |   0.0 |   6.9 | 17957.0
     Snake Pit |   9.3 |   9.5 |   0.0 |   0.0 |   9.4 | 24428.8
    Slime Pits |   7.7 |   7.9 |   0.0 |   0.0 |   8.7 | 18174.6
  Orcish Mines |   5.5 |   5.0 |  28.6 |   0.0 |   2.5 | 13041.5
   Elven Halls |   9.6 |   9.9 |   0.0 |   0.0 |  14.0 | 48635.3
        Vaults |  12.0 |  12.0 |  14.3 |   0.0 |  18.6 | 48347.5
         Crypt |   7.9 |   8.1 |   0.0 |   0.0 |  10.2 | 35413.3
        Depths |   7.8 |   8.0 |   0.0 |   0.0 |  14.1 | 48866.0
         Sewer |   0.6 |   0.4 |   7.1 |   0.0 |   0.0 | 231.0
        Bailey |   1.1 |   1.0 |   4.8 | 100.0 |   0.1 | 750.0
               +-------+-------+-------+-------+-------+----------------------
